 Dungeon Crawl Stone Soup version 0.28-a0-265-g048bc9fd10 (webtiles) character file.

Game seed: 13996930559018837014

141 Shayle the Ducker (level 5, 0/40 HPs)
             Began as a Djinni Warper on Aug 27, 2021.
             Killed by nerve-wracking pain
             ... invoked by Menkaure
              (3 damage)
             ... on level 4 of the Dungeon.
             The game lasted 00:05:51 (3818 turns).

Shayle the Ducker (Djinni Warper)                   Turns: 3818, Time: 00:05:54

Health: 0/40       AC:  4    Str: 10    XL:     5   Next: 48%
Gold:   122        EV: 12    Int: 15    God:
                   SH:  0    Dex: 13

rFire   + + .      SeeInvis .   f - +1 dagger (venom)
rCold   x . .      Faith    .   (no shield)
rNeg    . . .      Spirit   .   a - +0 leather armour
rPois   ∞          Reflect  .   g - +0 helmet
rElec   .          Harm     .   (no cloak)
rCorr   .          Rampage  .   (no gloves)
Will    .....                   (boots unavailable)
Stlth   +.........              (no amulet)
HPRegen 0.13/turn               (no ring)
MPRegen 0.00/turn               (no ring)

@: flying
A: sickness immunity, fire resistance 2, cold vulnerability 1, float, innate
caster, hp casting, extra vitality 1
a: no special abilities


You were on level 4 of the Dungeon.
You visited 1 branch of the dungeon, and saw 4 of its levels.

You collected 122 gold pieces.

Inventory:

Hand Weapons
 f - a +1 dagger of venom (weapon)
Missiles
 c - a boomerang of dispersal (quivered)
 j - 18 poisoned darts
 p - a throwing net
Armour
 a - a +0 leather armour (worn)
 g - a +0 helmet (worn)
Scrolls
 b - 2 scrolls of blinking
 d - 2 scrolls of identify {unknown}
 i - a scroll of amnesia {unknown}
 k - a scroll of noise {unknown}
 m - a scroll of teleportation {unknown}
 o - a scroll of enchant armour {unknown}
Potions
 e - a potion of berserk rage {unknown}
 h - 2 potions of heal wounds {unknown}
 l - a potion of experience {unknown}
 n - a potion of curing {unknown}
 q - a potion of mutation {unknown}


   Skills:
 + Level 3.1 Fighting
 - Level 0.7 Throwing
 - Level 1.0 Armour
 + Level 3.4 Dodging
 + Level 3.1 Unarmed Combat
 + Level 3.0 Spellcasting


You couldn't memorise any spells.
You knew the following spells:

 Your Spells              Type           Power      Damage    Failure   Level
a - Blink                 Tloc           N/A        N/A       12%         2
b - Lesser Beckoning      Tloc           5%         N/A       22%         3
c - Gell's Gravitas       Tloc           5%         N/A       22%         3
d - Teleport Other        Tloc           11%        N/A       22%         3
e - Manifold Assault      Tloc           11%        N/A       91%         5
f - Apportation           Tloc           22%        N/A       8%          1
g - Wereblood             Tmut           11%        N/A       12%         2
Your spell library was empty.

Dungeon Overview and Level Annotations

Branches:
Dungeon (4/15)
 Temple: D:4-7

Altars:

Shops:
D:1 ?

Annotations:
D:4 Menkaure


Innate Abilities, Weirdness & Mutations

You are immune to sickness and miasma.
You are immune to poison.
Your flesh is very heat resistant. (rF++)
You are vulnerable to cold. (rC-)
You float through the air rather than walking.
You learn spells naturally, not from books.
Your magical power is your life essence.
You have superior vitality. (+4 HP)


Message History

Found 7 boomerangs of dispersal.
You now have 122 gold pieces (gained 8).
Menkaure, Prince of Dust comes into view.
Menkaure shouts!
You aren't carrying any items that you can evoke.
Okay, then.
Menkaure gestures wildly while chanting.
Menkaure seems to speed up.
Throw: 5 boomerangs (disperse)
Press: ? - help, Q - select action, (/) - cycle Shift-Dir - straight line, f - Menkaure
Aim: Menkaure (fast, 73% to hit)
You throw a boomerang of dispersal.
The boomerang of dispersal barely misses Menkaure.
Menkaure points at you and mumbles some strange words.
Pain shoots through your body!
Throw: 4 boomerangs (disperse)
Press: ? - help, Q - select action, (/) - cycle Shift-Dir - straight line, f/p - Menkaure
Aim: Menkaure (fast, 73% to hit)
You throw a boomerang of dispersal.
The boomerang of dispersal hits Menkaure but does no damage.
Unknown command.
Throw: 3 boomerangs (disperse)
Press: ? - help, Q - select action, (/) - cycle Shift-Dir - straight line, f/p - Menkaure
Aim: Menkaure (fast, 73% to hit)
You throw a boomerang of dispersal.
The boomerang of dispersal hits Menkaure but does no damage.
Unknown command.
Throw: 2 boomerangs (disperse)
Press: ? - help, Q - select action, (/) - cycle Shift-Dir - straight line, f/p - Menkaure
Aim: Menkaure (fast, 73% to hit)
You throw a boomerang of dispersal.
The boomerang of dispersal hits Menkaure but does no damage.
Unknown command.
You hit Menkaure.
Menkaure is lightly damaged.
Menkaure hits you!
* * * LOW HITPOINT WARNING * * *
Menkaure casts a spell at you. Pain shoots through your body!
You die...

#.................
#..........####...
#####.......####
#$..........#
#.###..#.##.#
#.....##...
#...####....
#.##...####...[
#....@M.......
####.######... ..(
#.##. # #. #. #.
..


You could see Menkaure (fast).

Vanquished Creatures
  Terence (D:2)
  A hound skeleton (D:4)
  A gnoll (D:3)
  3 adders
  An adder skeleton (D:4)
  3 worms
  A dart slug (D:1)
  3 orcs (D:3)
  3 endoplasms
  2 giant cockroaches (D:1)
  3 goblins (D:1)
  2 hobgoblins
  10 jackals
  5 kobolds
  4 quokkas
  2 ball pythons
  2 bats
  3 frilled lizards
  2 rats
52 creatures vanquished.

Vanquished Creatures (others)
  16 plants (D:4)
16 creatures vanquished.

Grand Total: 68 creatures vanquished

Notes
Turn   | Place    | Note
-------+----------+-------------------------------------------
     0 | D:1      | Shayle the Djinni Warper began the quest for the Orb.
     0 | D:1      | Reached XP level 1. HP: 18/18 MP: 0/0
    93 | D:1      | Found a faded altar of an unknown god.
   282 | D:1      | Reached XP level 2. HP: 22/23 MP: 0/0
   554 | D:1      | Found Orchut's Magic Scroll Shop.
   758 | D:1      | Reached XP level 3. HP: 24/29 MP: 0/0
   758 | D:1      | Learned a level 1 spell: Apportation
  1245 | D:2      | Noticed Terence
  1253 | D:2      | Killed Terence
  1542 | D:2      | Reached XP level 4. HP: 23/34 MP: 0/0
  2933 | D:3      | Reached XP level 5. HP: 40/40 MP: 0/0
  2933 | D:3      | Learned a level 2 spell: Wereblood
  3640 | D:4      | Noticed an orc warrior
  3811 | D:4      | Noticed Menkaure
  3818 | D:4      | Killed from afar by Menkaure

Illustrated notes

Levels and vault maps discovered:
D:1:      matt_arrival_debris, layout_basic, serial_shops, nicolae_shop_trees,
          ebering_ecumenical_altar_petrified, kennysheep_minor_cross,
          chequers_serial_rivers_small_a
D:2:      layout_loops_ring, uniq_terence
D:3:      layout_loops_ring
D:4:      wad_woods_tower, layout_loops_cross, minmay_fractal_squares_5,
          uniq_sigmund, uniq_menkaure, uniq_natasha

Skill      XL: |  1  2  3  4  5 |
---------------+----------------+-----
Dodging        | 3 |  3.4
Spellcasting   | 3 |  3.0
Fighting       | 3 |  3.1
Unarmed Combat | 3 |  3.1
Throwing       | |  0.7
Armour         | |  1.0

Action                   |  1- 3 |  4- 6 || total
-------------------------+-------+-------++-------
Melee: Unarmed           |    29 |       ||    29
       Dagger            |    63 |   148 ||   211
       Punch             |     1 |     1 ||     2
Throw: Boomerang         |       |     4 ||     4
  Use: Scroll            |     1 |       ||     1
 Stab: Sleeping          |       |     1 ||     1
Armor: Leather armour    |    21 |    44 ||    65
Dodge: Dodged            |    50 |    84 ||   134

Table legend: (Time is in decaauts)
 A = Elapsed time spent in this place.
 B = Non-inter-level travel time spent in this place.
 C = Inter-level travel time spent in this place.
 D = Time resting spent in this place.
 E = Time spent auto-exploring this place.
 F = Levels seen in this place.
 G = Mean time per level.
                   A        B        C        D        E       F      G
               +--------+--------+--------+--------+--------+-----+--------+
         Total |   3820 |   3639 |    181 |    363 |   2650 |   4 |  955.0 |
       Dungeon |   3820 |   3639 |    181 |    363 |   2650 |   4 |  955.0 |
               +--------+--------+--------+--------+--------+-----+--------+

Top non-repeatable levels by time:
     D:3: 1339 daAuts
     D:1: 1243 daAuts
     D:2: 1134 daAuts
     D:4: 102 daAuts
